 Dungeon Crawl Stone Soup version 0.27-a0-538-g15ff5c5295 (webtiles) character file.

Game seed: 10624033216102066935

54 rlunger the Sneak (level 3, -1/27 HPs)
             Began as a Vampire Brigand on Mar 6, 2021.
             Slain by a kobold (3 damage)
             ... on level 2 of the Dungeon.
             The game lasted 00:08:04 (1274 turns).

rlunger the Sneak (Vampire Brigand)                 Turns: 1274, Time: 00:08:05

Health: -1/27      AC:  3    Str: 11    XL:     3   Next: 66%
Magic:  3/3        EV: 12    Int: 13    God:
Gold:   86         SH:  0    Dex: 15    Spells: 2/2 levels left

rFire    + . .     SeeInvis +   g - +3 dagger
rCold    + . .     Faith    .   (no shield)
rNeg     . . .     Spirit   .   b - +0 robe
rPois    +         Reflect  .   (no helmet)
rElec    +         Harm     .   c - +0 cloak
rCorr    +         Rampage  .   (no gloves)
Will     .....                  (no boots)
Stlth    ++++......             (no amulet)
HPRegen  0.29/turn              (no ring)
MPRegen  0.08/turn              (no ring)

@: resistant, flying, regenerating quickly
A: fangs 3, see invisible, unbreathing 1
a: Exsanguinate


You were on level 2 of the Dungeon.
You visited 1 branch of the dungeon, and saw 2 of its levels.

You collected 86 gold pieces.

Inventory:

Hand Weapons
 a - a +2 dagger
 g - a +3 dagger (weapon)
Missiles
 j - 35 arrows
 o - a poisoned dart (quivered)
Armour
 b - a +0 robe (worn)
 c - a +0 cloak (worn)
Jewellery
 h - an amulet of magic regeneration
 m - an amulet of magic regeneration
Scrolls
 d - a scroll of enchant weapon {unknown}
 f - a scroll of random uselessness {unknown}
 n - a scroll of enchant armour {unknown}
Potions
 l - a potion of attraction {unknown}


   Skills:
 + Level 1.9 Fighting
 + Level 2.6 Short Blades
 + Level 2.1 Throwing
 + Level 1.2 Dodging
 + Level 7.1 Stealth


You had 2 spell levels left.
You didn't know any spells.
Your spell library was empty.

Dungeon Overview and Level Annotations

Branches:
Dungeon (2/15)

Altars:


Innate Abilities, Weirdness & Mutations

Your natural rate of healing is unusually fast.
You have razor-sharp teeth.
You have supernaturally acute eyesight. (SInv)
You can survive without breathing.


Message History

You hit the ooze but do no damage.
A goblin comes into view.
The goblin shouts!
You hit the ooze.
The ooze is lightly wounded.
You hear a shout!
The ooze barely misses you.
You hit the ooze.
The ooze is moderately wounded.
The ooze hits you.
You puncture the ooze!
The ooze is almost dead.
The ooze closely misses you. The goblin hits you but does no damage.
You hit the ooze.
You kill the ooze!
The goblin hits you.
You closely miss the goblin. You bite the goblin.
You kill the goblin!
You hit the worm.
The worm is lightly wounded.
You hit the worm. You bite the worm, but do no damage.
The worm is moderately wounded.
The worm bites you.
You hit the worm.
The worm is heavily wounded.
You hit the worm.
The worm is severely wounded.
The worm bites you.
A kobold comes into view.
You hit the worm.
The worm is almost dead.
The worm bites you!
* * * LOW HITPOINT WARNING * * *
It was a potion of resistance.
You feel protected.
It was a potion of flight.
You feel very buoyant.
You fly up into the air.
The worm barely misses you.
You closely miss the kobold. The kobold hits you.
You die...

#.####†.###.#
#....<......##
#..###........ #
#.####.## #.#
#.### #.# #... #
#.# ##.## .##.#
#.###..)###.....#
#..>..#.K@w..#
#####...###..#
##.## .# ...# #
.#### #


You could see a worm and a kobold.

Vanquished Creatures
  An adder (D:2)
  2 oozes
  3 dart slugs (D:1)
  6 goblins
  12 bats
  A frilled lizard (D:1)
  4 kobolds
  3 rats (D:1)
32 creatures vanquished.

Notes
Turn   | Place    | Note
-------+----------+-------------------------------------------
     0 | D:1      | rlunger the Vampire Brigand began the quest for the Orb.
     0 | D:1      | Reached XP level 1. HP: 16/16 MP: 1/1
    28 | D:1      | Reached skill level 6 in Stealth
   136 | D:1      | Reached XP level 2. HP: 20/22 MP: 2/2
   538 | D:1      | Reached skill level 7 in Stealth
   538 | D:1      | Reached XP level 3. HP: 27/27 MP: 3/3
  1274 | D:2      | Slain by a kobold

Illustrated notes

Levels and vault maps discovered:
D:1:      onia_arrival_mini_spirals, layout_basic, minivault_4,
          minmay_pentomino_v4
D:2:      layout_loops_ring, general_overflow_altar, dk_vineyard_3

Skill      XL: |  1  2  3 |
---------------+----------+-----
Stealth        | 6 7 |  7.1
Throwing       | 2 |  2.1
Fighting       | |  1.9
Short Blades   | |  2.6
Dodging        | |  1.2

Action                   || total
-------------------------++-------
Melee: Dagger            ||    61
       Bite              ||     7
Throw: Dart              ||    46
  Use: Potion            ||     2
 Stab: Sleeping          ||     1
Armor: Robe              ||    25
Dodge: Dodged            ||    42

Table legend: (Time is in decaauts)
 A = Elapsed time spent in this place.
 B = Non-inter-level travel time spent in this place.
 C = Inter-level travel time spent in this place.
 D = Time resting spent in this place.
 E = Time spent auto-exploring this place.
 F = Levels seen in this place.
 G = Mean time per level.
                   A        B        C        D        E       F      G
               +--------+--------+--------+--------+--------+-----+--------+
         Total |   1263 |   1214 |     49 |      0 |    889 |   2 |  631.5 |
       Dungeon |   1263 |   1214 |     49 |      0 |    889 |   2 |  631.5 |
               +--------+--------+--------+--------+--------+-----+--------+

Top non-repeatable levels by time:
     D:1: 1220 daAuts
     D:2: 42 daAuts
